Map: Ulrena

Players

Aspire - Winner!

  • Race: Protoss Protoss
  • League: Silver
  • Spawn Location: 7:00

zidar

  • Race: Zerg Zerg
  • League: Silver
  • Spawn Location: 11:00

VOD

Have the link to the VOD?

Description

Time

  • Played on: Feb. 4, 2016, 1:07 p.m.
  • Length: 9:37
Show
View Real Time Build Order
Export as new Build Order

Aspire Protoss - Winner!

Build Orders:  

Get SALT Encoding   

  12  0:01  Probe (Chrono Boost)  
  13  0:12  Probe (Chrono Boost)  
  14  0:18  Pylon  
  14  0:23  Probe (Chrono Boost)  
  15  0:37  Probe (Chrono Boost)  
  16  0:47  Probe (Chrono Boost)  
  17  0:58  Probe (Chrono Boost)  
  18  1:08  Probe (Chrono Boost)  
  18  1:09  Nexus  
  19  1:24  Probe (Chrono Boost)  
  20  1:34  Probe (Chrono Boost)  
  20  1:35  Pylon  
  20  1:37  Assimilator  
  21  1:42  Assimilator  
  21  1:45  Probe (Chrono Boost)  
  22  1:55  Probe (Chrono Boost)  
  22  1:56  Gateway  
  23  2:06  Pylon  
  23  2:07  Probe (Chrono Boost)  
  24  2:18  Probe (Chrono Boost)  
  25  2:24  Probe (Chrono Boost)  
  25  2:28  Probe (Chrono Boost)  
  27  2:31  Forge  
  27  2:47  Probe x2 (Chrono Boost)  
  27  2:51  Cybernetics Core  
  29  2:59  Probe x2 (Chrono Boost), Pylon  
  29  3:03  Assimilator  
  29  3:05  Assimilator  
  31  3:09  Probe x2 (Chrono Boost)  
  31  3:10  Photon Cannon  
  34  3:20  Probe x2 (Chrono Boost)  
  35  3:30  Probe (Chrono Boost)  
  34  3:42  Probe x2 (Chrono Boost)  
  35  3:52  Probe (Chrono Boost)  
  35  3:53  Probe (Chrono Boost), Warp Gate  
  35  3:54  Pylon  
  37  4:03  Probe x2 (Chrono Boost)  
  39  4:13  Probe (Chrono Boost)  
  39  4:14  Probe (Chrono Boost)  
  41  4:20  Photon Cannon  
  41  4:23  Sentry (Chrono Boost)  
  41  4:24  Probe x2 (Chrono Boost)  
  44  4:30  Stargate, Gateway  
  45  4:34  Probe (Chrono Boost), Pylon  
  45  4:35  Probe (Chrono Boost)  
  45  4:36  Gateway  
  45  4:38  Pylon  
  47  4:43  Probe  
  48  4:45  Probe  
  48  4:49  Sentry (Chrono Boost)  
  51  4:57  Pylon  
  51  4:58  Mothership Core  
  53  5:07  Pylon  
  53  5:10  Probe  
  53  5:11  Pylon  
  54  5:19  Probe  
  54  5:21  Probe  
  56  5:32  Probe  
  56  5:34  Probe  
  56  5:39  Sentry (Chrono Boost)  
  51  5:42  Probe  
  51  5:46  Probe  
  51  5:49  Pylon  
  52  5:50  Pylon  
  52  5:54  Probe  
  53  5:57  Oracle (Chrono Boost)  
  53  5:58  Gateway, Probe  
  53  6:01  Gateway  
  57  6:04  Gateway  
  57  6:06  Probe  
  57  6:10  Probe  
  59  6:13  Assimilator  
  59  6:18  Probe  
  60  6:22  Probe  
  61  6:25  Sentry  
  61  6:30  Probe  
  64  6:40  Probe  
  64  6:42  Probe  
  66  6:49  Gateway  
  66  6:53  Oracle (Chrono Boost)  
  69  6:55  Gateway  
  69  6:56  Gateway, Probe x2  
  69  7:01  Gateway  
  71  7:07  Stalker x4  
  71  7:08  Stalker  
  78  7:25  Void Ray (Chrono Boost), Pylon  
  78  7:28  Pylon  
  78  7:29  Probe  
  83  7:31  Pylon  
  83  7:42  Probe  
  83  7:43  Probe  
  85  7:53  Stalker x4  
  85  7:54  Stalker  
  93  8:09  Stalker x2  
  85  8:32  Stalker x3  
  85  8:33  Stalker x3  
  95  8:34  Stalker  
  95  8:35  Stalker x2  
  88  9:04  Stalker x2  
  88  9:05  Stalker x4  
  88  9:06  Stalker  
Show
View Real Time Build Order
Export as new Build Order

zidar Zerg 

Build Orders: Pool First 

Get SALT Encoding   

  12  0:02  Drone  
  13  0:12  Overlord  
  13  0:17  Drone  
  14  0:33  Drone x2  
  14  0:35  Drone  
  17  0:47  Spawning Pool  
  17  0:49  Drone  
  17  1:16  Hatchery  
  16  1:20  Drone  
  16  1:24  Extractor  
  16  1:33  Overlord, Drone  
  16  1:35  Drone  
  18  1:43  Queen  
  20  1:56  Zergling x2  
  21  2:08  Overlord  
  21  2:13  Drone  
  22  2:19  Queen  
  24  2:39  Zergling x6  
  24  2:40  Zergling x2  
  28  2:46  Metabolic Boost  
  28  2:53  Roach Warren  
  28  2:54  Extractor  
  26  3:17  Drone x6  
  28  3:49  Zergling x10  
  28  3:50  Zergling x8  
  36  3:59  Drone  
  36  4:00  Drone  
  38  4:53  Zergling x2  
  38  4:54  Zergling x10  
  30  5:45  Zergling x2  
  30  5:46  Zergling x18  
  39  5:59  Overlord x2  
  39  6:03  Lair  
  30  6:41  Roach x10  
  51  6:54  Roach  
  51  6:55  Roach x4  
  51  6:59  Overlord  
  51  7:00  Overlord x2  
  50  7:14  Drone  
  50  7:16  Drone  
  51  7:43  Ravager x3  
  51  7:44  Ravager  
  49  7:47  Ravager  
  50  7:52  Roach x12  
  44  8:36  Zergling x2  
  44  8:37  Zergling x20  
  39  8:53  Roach x2  
  34  9:04  Zergling x4  
Tags
 
Matchup
PvZ
Opening
Pool First
Spawn Locations
Close Positions
Add a new tag
Caveats
  • Supply blocks, unpowered buildings, or Contaminate may cause inaccurate times.
  • Supply counts are checked every 10 seconds.